Map: Incorporeal LE

Players

ManlyManMeat - Winner!

  • Race: Zerg Zerg
  • League: Master
  • Spawn Location: 5:00

Vershok

  • Race: Protoss Protoss
  • League: Platinum
  • Spawn Location: 11:00

VOD

Have the link to the VOD?

Description

Time

  • Played on: June 18, 2025, 6:01 a.m.
  • Length: 9:04
Show
View Real Time Build Order
Export as new Build Order

ManlyManMeat Zerg - Winner!

Build Orders: Hatch First 

Get SALT Encoding   

  12  0:00  Drone  
  13  0:08  Drone  
  14  0:16  Overlord  
  14  0:34  Drone x2  
  14  0:35  Drone  
  17  0:54  Drone  
  18  0:59  Hatchery  
  17  1:10  Spawning Pool  
  16  1:12  Extractor  
  15  1:19  Drone x2  
  17  1:32  Drone x2  
  19  1:42  Drone  
  20  1:59  Queen  
  22  2:13  Queen  
  22  2:15  Zergling x4  
  26  2:17  Drone  
  26  2:19  Metabolic Boost  
  26  2:22  Drone  
  28  2:25  Overlord  
  28  2:43  Drone x3  
  31  2:45  Overlord  
  31  2:52  Queen  
  31  2:56  Drone x2  
  36  3:05  Drone  
  36  3:09  Drone x3  
  36  3:10  Drone  
  40  3:19  Drone  
  40  3:37  Roach Warren  
  39  3:41  Drone  
  39  3:45  Lair, Extractor  
  39  3:46  Extractor  
  39  3:47  Drone x4  
  42  3:49  Overlord  
  42  3:56  Drone  
  43  4:05  Evolution Chamber  
  43  4:06  Evolution Chamber  
  43  4:07  Drone x3  
  43  4:09  Drone  
  45  4:11  Drone x3  
  48  4:25  Overlord  
  48  4:26  Overlord  
  48  4:36  Overlord  
  48  4:37  Overlord  
  48  4:40  Zerg Ground Armor Level 1, Zerg Missile Weapons Level 1  
  48  4:42  Extractor  
  48  4:44  Hatchery, Glial Reconstitution  
  46  4:56  Drone  
  47  5:01  Roach x3  
  47  5:02  Zergling x8, Roach x2  
  61  5:15  Overlord  
  61  5:17  Overlord  
  61  5:20  Spore Crawler  
  60  5:22  Roach x2, Spore Crawler  
  63  5:38  Overseer x2  
  63  5:39  Drone  
  63  5:40  Drone x5  
  63  5:41  Drone  
  70  5:49  Drone  
  70  5:56  Spore Crawler  
  69  6:00  Spore Crawler  
  69  6:03  Drone x5  
  69  6:04  Drone  
  54  6:39  Roach x5  
  65  6:40  Roach x6  
  64  6:53  Queen  
  64  6:54  Queen  
  58  7:03  Drone x4  
  58  7:08  Drone x2  
  58  7:09  Drone  
  50  7:42  Roach  
  50  7:43  Roach x3  
  58  7:49  Ravager  
  56  8:03  Zergling x4  
  56  8:04  Zergling x10  
  63  8:11  Zergling x6  
  53  8:29  Zergling x8  
  53  8:33  Drone  
Show
View Real Time Build Order
Export as new Build Order

Vershok Protoss 

Build Orders:  

Get SALT Encoding   

  1  0:00  Probe  
  12  0:06  Probe  
  14  0:16  Probe  
  15  0:28  Pylon  
  15  0:31  Assimilator  
  15  0:46  Probe  
  15  0:47  Gateway  
  16  0:58  Probe  
  16  1:00  Assimilator  
  17  1:10  Probe  
  18  1:18  Probe  
  19  1:26  Gateway  
  19  1:37  Cybernetics Core  
  19  1:41  Zealot  
  21  1:57  Pylon  
  21  2:00  Probe  
  22  2:14  Stalker  
  22  2:15  Stalker  
  26  2:27  Twilight Council  
  26  2:30  Probe  
  27  2:42  Probe  
  28  2:45  Charge  
  28  2:58  Gateway  
  28  3:01  Gateway  
  28  3:18  Robotics Facility  
  28  3:31  Warp Gate  
  28  3:36  Pylon  
  28  3:39  Zealot  
  30  3:54  Zealot  
  32  4:17  Warp Prism  
  34  4:28  Zealot  
  34  4:29  Zealot  
  38  4:36  Pylon  
  38  4:39  Pylon  
  38  4:54  Zealot x2  
  38  4:55  Zealot  
  38  4:56  Zealot  
  46  5:12  Forge  
  46  5:32  Zealot x4  
  54  5:47  Protoss Ground Weapons Level 1  
  54  5:57  Pylon  
  54  6:00  Pylon  
  54  6:17  Zealot x3  
  56  6:33  Zealot  
  56  6:34  Warp Prism  
  44  7:12  Zealot x4  
  32  7:34  Nexus  
  28  8:05  Zealot x4  
  18  8:37  Zealot x2  
Tags
 
Add a new tag
Caveats
  • Supply blocks, unpowered buildings, or Contaminate may cause inaccurate times.
  • Supply counts are checked every 10 seconds.